 Dungeon Crawl Stone Soup version 0.21-a0-369-g397cdb2 (webtiles) character file.

60006 treasured the Severer (level 14, -5/202 HPs)
             Began as a Minotaur Fighter on Oct 15, 2017.
             Was a High Priest of Trog.
             Slain by an orc warrior
             ... wielding a +0 trident
             ... led by an orc knight
              (7 damage)
             ... on level 2 of the Orcish Mines.
             The game lasted 00:21:29 (23355 turns).

treasured the Severer (Minotaur Fighter)           Turns: 23355, Time: 00:21:29

Health: -5/202     AC: 22    Str: 29    XL:     14   Next: 55%
Magic:  0/14       EV:  8    Int:  5    God:    Trog [*****.]
Gold:   1390       SH:  0    Dex: 15    Spells: 13/13 levels left

rFire    + . .     SeeInvis +   K - +2 battleaxe (venom)
rCold    . . .     Gourm    .   (shield currently unavailable)
rNeg     . . .     Faith    .   M - +0 plate armour
rPois    .         Spirit   +   (helmet restricted)
rElec    .         Reflect  .   k - scarf {Spirit}
rCorr    .         Harm     .   P - +1 pair of gloves {Dex+3}
MR       +....                  H - +1 pair of boots
Stlth    ..........             (no amulet)
HPRegen  0.43/turn              m - ring of see invisible
MPRegen  0.14/turn              v - ring of protection from fire

@: berserking, studying Crossbows, very quick
A: retaliatory headbutt, horns 2
a: Berserk, Trog's Hand, Brothers in Arms, Burn Spellbooks, Renounce Religion


You were on level 2 of the Orcish Mines.
You worshipped Trog.
Trog was extremely pleased with you.
You were not hungry.

You visited 3 branches of the dungeon, and saw 19 of its levels.

You collected 1716 gold pieces.
You spent 326 gold pieces at shops.

Inventory:

Hand Weapons
 K - a +2 battleaxe of venom (weapon)
Missiles
 i - 4 javelins of returning
 j - 482 stones (quivered)
 p - 3 throwing nets
Armour
 g - a +0 shield
 k - a scarf of spirit shield (worn)
 H - a +1 pair of boots (worn)
 M - a +0 plate armour (worn)
 P - a +1 pair of gloves of dexterity (worn)
Jewellery
 a - an uncursed ring of magical power
 m - a ring of see invisible (left hand)
 v - a ring of protection from fire (right hand)
 O - the amulet "Zudijis" {Inacc rElec rPois}
   (You bought it in a shop on level 4 of the Dungeon)

   [amulet of inaccuracy]

   It reduces the accuracy of all your attacks.
   It insulates you from electricity.
   It protects you from poison.
Wands
 s - a wand of flame (20/48)
 u - a wand of paralysis (16/24)
 x - a wand of acid (6/15)
 z - a wand of disintegration (5/24)
 C - a wand of scattershot (2/9)
 E - a wand of iceblast (3/15)
 I - a wand of clouds (3/9)
 Z - a wand of iceblast (7/15)
Scrolls
 d - 8 scrolls of remove curse
 e - 5 scrolls of enchant weapon
 l - 3 scrolls of immolation
 n - 6 scrolls of teleportation
 o - 3 scrolls of magic mapping
 w - 3 scrolls of recharging
 y - a scroll of blinking
 D - a scroll of identify
 W - 4 scrolls of fog
Potions
 b - a potion of mutation
 q - 2 potions of flight
 r - a potion of agility
 t - 2 potions of heal wounds
 B - 2 potions of ambrosia
 F - 2 potions of cancellation
 G - 3 potions of berserk rage
 L - 4 potions of brilliance
 Q - a potion of haste {unknown}
 S - a potion of might
 T - 9 potions of curing
 Y - 2 potions of invisibility
Books
 c - a manual of Crossbows
Comestibles
 f - a bread ration
 h - 14 royal jellies
 A - 30 fruits
 J - 9 meat rations


   Skills:
 + Level 15.1 Fighting
 * Level 20.0 Axes
 + Level 15.2 Armour
 - Level 3.6 Shields
 + Level 2.4 Evocations


You had 13 spell levels left.
You didn't know any spells.

Dungeon Overview and Level Annotations

Branches:
Dungeon (11/15)            Temple (0/1) D:6            Lair (6/6) D:9
 Shoals (0/4) Lair:2       Spider (0/4) Lair:4        Slime (0/5) Lair:6
    Orc (2/2) D:10
    Elf: Orc:2

Altars:
Ashenzari
Fedhas
Gozag
Hepliaklqana
Nemelex Xobeh
Okawaru
Trog
Uskayaw
Vehumet
Xom

Shops:
D:4 *   D:6 !   Orc:2 (

Annotations:
Lair:6 exclusion: 2 oklob plants


Innate Abilities, Weirdness & Mutations

You reflexively headbutt those who attack you in melee.
You have a pair of horns on your head.


Message History

The orc warrior is poisoned.
You slice the orc warrior!!
The orc priest calls down the wrath of Beogh upon you.
Beogh smites you!
* * * LOW HITPOINT WARNING * * *
The orc warrior hits you from afar with a trident.
* * * LOW HITPOINT WARNING * * *
The orc warrior hits you with a trident!!
* * * LOW HITPOINT WARNING * * *
You slash the orc priest!
You kill the orc priest!
Trog accepts your kill.
You slash the orc warrior! You hit the orc priest.
The orc priest is poisoned.
You closely miss the orc warrior. You barely miss the orc warrior.
The orc warrior hits you with a flail!
* * * LOW HITPOINT WARNING * * *
The orc warrior hits you with a halberd!
* * * LOW HITPOINT WARNING * * *
Unknown command.
The orc warrior hits you from afar with a trident!
You die...

#..............#
##.#............
#...........#'# .
#..........$'∩'..
#...#.##)#$#'#..
#......)$$......
#...#o)[.[....#
#...)))o)..#o##
##...[@)o[..#
#.....)oo...#
#.......#.....#
.#.#.........##
#.....#......#
##.#..###..$##
###.. ##... ##.
...# ...#


You could see 4 orc warriors and an orc priest.

Vanquished Creatures
  Fannar (Lair:2)
  Harold (D:10)
  An ogre mage (Orc:2)
  7 hydras
  A catoblepas (Lair:6)
  5 two-headed ogres
  Erica (D:10)
  12 death yaks
  A deep troll shaman (Lair:6)
  A lindwurm (Lair:5)
  Pikel (D:7)
  An ugly thing (D:10)
  An orc knight (Orc:2)
  A manticore (D:7)
  4 black mambas
  A centaur zombie (D:10)
  14 elephants
  A rime drake (Lair:4)
  9 spiny frogs
  6 komodo dragons
  A troll (Orc:1)
  4 polar bears
  2 jumping spiders (Lair:4)
  Grinder (D:5)
  A hornet (D:11)
  9 hippogriffs
  8 blink frogs
  A redback (Lair:4)
  42 yaks
  Eustachio (D:5)
  3 hogs (D:7)
  Grum (D:10)
  2 vampire mosquitoes (D:11)
  Menkaure (D:5)
  A hungry ghost (D:8)
  7 basilisks
  11 water moccasins
  8 porcupines
  10 orc warriors
  4 sky beasts
  2 ice beasts
  5 black bears
  39 wolves
  3 phantoms
  7 centaurs
  7 ogres
  10 crocodiles
  12 bullfrogs
  4 scorpions
  6 killer bees (D:7)
  A howler monkey (D:4)
  7 wights
  5 electric eels (D:10)
  2 crimson imps
  9 orc priests
  4 hounds
  4 jellies
  18 orc wizards
  3 bullfrog skeletons
  2 iguanas (D:11)
  10 worker ants
  Ijyb (D:5)
  2 killer bee zombies
  A hound zombie (D:5)
  8 gnolls (D:4)
  10 adders
  2 shadow imps (D:10)
  6 oozes
  An adder zombie (D:5)
  4 worms
  5 dart slugs
  2 leopard geckos
  77 orcs
  2 ball pythons
  4 giant cockroaches
  6 goblins
  7 hobgoblins
  6 quokkas
  4 bats
  4 frilled lizards
  2 jackal skeletons
  4 kobolds
  8 rats
  A bush (Lair:5)
  5 fungi
  6 plants (Lair:6)
526 creatures vanquished.

Vanquished Creatures (collateral kills)
  Rupert (Lair:6)
  An orc warlord (Orc:1)
  2 orc warriors (Orc:1)
  An orc (Orc:2)
5 creatures vanquished.

Vanquished Creatures (others)
  4 fungi
  A plant (Lair:6)
5 creatures vanquished.

Grand Total: 536 creatures vanquished

Notes
Turn   | Place    | Note
-------+----------+-------------------------------------------
     0 | D:1      | treasured the Minotaur Fighter began the quest for the Orb.
     0 | D:1      | Reached XP level 1. HP: 19/19 MP: 0/0
   199 | D:1      | Reached skill level 3 in Axes
   199 | D:1      | Reached XP level 2. HP: 27/27 MP: 1/1
  1074 | D:2      | Reached XP level 3. HP: 33/33 MP: 2/2
  1399 | D:2      | Reached skill level 4 in Axes
  1512 | D:2      | Reached XP level 4. HP: 40/40 MP: 3/3
  2087 | D:2      | Found a blossoming altar of Fedhas.
  2087 | D:2      | Found a radiant altar of Vehumet.
  2149 | D:3      | Found a bloodstained altar of Trog.
  2149 | D:3      | Found a shattered altar of Ashenzari.
  2153 | D:3      | Found a shimmering altar of Xom.
  2153 | D:3      | Found a sparkling altar of Nemelex Xobeh.
  2163 | D:3      | Became a worshipper of Trog the Wrathful
  2165 | D:3      | Found an iron altar of Okawaru.
  2614 | D:4      | Noticed a bullfrog
  2633 | D:4      | Killed a bullfrog
  2633 | D:4      | Reached XP level 5. HP: 23/47 MP: 2/4
  2638 | D:4      | Reached skill level 5 in Axes
  2653 | D:4      | Reached skill level 5 in Fighting
  2702 | D:4      | Noticed an orc warrior
  2717 | D:4      | Reached skill level 5 in Armour
  2737 | D:4      | Killed an orc warrior
  2737 | D:4      | Reached XP level 6. HP: 56/56 MP: 5/5
  2951 | D:4      | You fall through a shaft!
  2951 | D:5      | Entered Level 5 of the Dungeon
  2956 | D:5      | Reached skill level 6 in Axes
  3135 | D:5      | Found an opulent altar of Gozag.
  3167 | D:5      | Noticed Ijyb
  3174 | D:5      | Killed Ijyb
  3199 | D:5      | Noticed an orc warrior
  3200 | D:5      | Noticed a sky beast
  3211 | D:5      | Killed an orc warrior
  3211 | D:5      | Reached * piety under Trog
  3211 | D:5      | Reached XP level 7. HP: 34/62 MP: 4/6
  3224 | D:5      | Reached skill level 7 in Axes
  3413 | D:5      | Noticed Eustachio
  3430 | D:5      | Killed Eustachio
  3695 | D:5      | Noticed Grinder
  3721 | D:5      | Killed Grinder
  3721 | D:5      | Reached skill level 8 in Axes
  3721 | D:5      | Reached XP level 8. HP: 27/71 MP: 3/7
  3957 | D:5      | Noticed Menkaure
  3967 | D:5      | Killed Menkaure
  4496 | D:5      | Reached skill level 9 in Axes
  5384 | D:4      | Found Qyduec's Assorted Antiques.
  5389 | D:4      | Bought a pitted ruby amulet for 100 gold pieces
  5389 | D:4      | Identified the amulet "Zudijis" {Inacc rElec rPois} (You bought it in a shop on level 4 of the Dungeon)
  5391 | D:4      | Bought a pair of runed gloves for 150 gold pieces
  5396 | D:4      | Bought a scroll labeled HEZXA NESE for 20 gold pieces
  5396 | D:4      | Bought a scroll labeled FETUSM NOICUM for 20 gold pieces
  5396 | D:4      | Bought a fuming grey potion for 18 gold pieces
  5396 | D:4      | Bought a ruby potion for 18 gold pieces
  5564 | D:6      | Reached ** piety under Trog
  5592 | D:6      | Found a staircase to the Ecumenical Temple.
  5831 | D:6      | Reached skill level 10 in Axes
  5868 | D:6      | Reached XP level 9. HP: 81/81 MP: 8/8
  5967 | D:6      | Found Ziex's Distillery.
  6251 | D:7      | Found a huge runed gate.
  6251 | D:7      | Found a huge runed gate.
  6251 | D:7      | Found a huge runed gate.
  6251 | D:7      | Found a huge runed gate.
  6251 | D:7      | Noticed a manticore
  6256 | D:7      | Noticed a polar bear
  6284 | D:7      | Killed a polar bear
  6284 | D:7      | Reached skill level 11 in Axes
  6323 | D:7      | Killed a manticore
  6323 | D:7      | Reached skill level 12 in Axes
  6323 | D:7      | Reached XP level 10. HP: 14/91 MP: 5/9
  7065 | D:7      | Reached *** piety under Trog
  7329 | D:7      | Noticed Pikel
  7344 | D:7      | Killed Pikel
  7500 | D:8      | Found a hide-covered altar of Uskayaw.
  7859 | D:8      | Reached skill level 10 in Fighting
  7859 | D:8      | Reached skill level 10 in Armour
  7868 | D:8      | Reached skill level 13 in Axes
  8206 | D:8      | Noticed a two-headed ogre
  8217 | D:8      | Killed a two-headed ogre
  8556 | D:9      | Noticed a death yak
  8562 | D:9      | Found a staircase to the Lair.
  8582 | D:9      | Killed a death yak
  8582 | D:9      | Reached skill level 14 in Axes
  8582 | D:9      | Reached XP level 11. HP: 58/101 MP: 3/10
  8944 | D:9      | Reached **** piety under Trog
  9223 | D:10     | Entered Level 10 of the Dungeon
  9256 | D:10     | Noticed Harold
  9276 | D:10     | Killed Harold
  9533 | D:10     | Received a gift from Trog
  9556 | D:10     | Found a staircase to the Orcish Mines.
  9604 | D:10     | Noticed a cyan ugly thing
  9613 | D:10     | HP: 6/153 [cyan ugly thing (14)]
  9615 | D:10     | Killed a cyan ugly thing
 10561 | D:10     | Noticed Grum
 10583 | D:10     | Killed Grum
 10836 | D:10     | Noticed Erica
 10845 | D:10     | Killed Erica
 10881 | D:10     | Reached skill level 15 in Axes
 10934 | D:10     | Reached ***** piety under Trog
 11457 | Lair:1   | Entered Level 1 of the Lair of Beasts
 11488 | Lair:1   | Got a dazzling chain mail
 11499 | Lair:1   | Identified the +1 chain mail "Woig" {SInv} (You found it on level 1 of the Lair of Beasts)
 11857 | Lair:1   | Noticed a seven-headed hydra
 11869 | Lair:1   | Killed a ten-headed hydra
 12076 | Lair:1   | Reached XP level 12. HP: 112/112 MP: 11/11
 12310 | Lair:1   | Reached skill level 16 in Axes
 13836 | Lair:2   | Found a staircase to the Shoals.
 14109 | Lair:2   | Noticed Fannar
 14132 | Lair:2   | Killed Fannar
 14317 | Lair:2   | Got an encrusted scarf
 14352 | Lair:2   | Identified the scarf of the Clam {rElec rC+ Int-5} (You found it on level 2 of the Lair of Beasts)
 14352 | Lair:2   | Lost intelligence.
 14851 | Lair:3   | Found a hazy altar of Hepliaklqana.
 15589 | Lair:3   | Received a gift from Trog
 15684 | Lair:3   | Reached skill level 17 in Axes
 16368 | Lair:4   | Found a hole to the Spider Nest.
 17041 | Lair:4   | Reached XP level 13. HP: 107/122 MP: 9/12
 17252 | Lair:4   | Got a scorched shield
 17263 | Lair:4   | Identified the +3 shield "Oten" {rPois Regen+ Slay-3} (You found it on level 4 of the Lair of Beasts)
 17912 | Lair:5   | Received a gift from Trog
 17912 | Lair:5   | Reached skill level 18 in Axes
 18839 | Lair:6   | Entered Level 6 of the Lair of Beasts
 19503 | Lair:6   | Found a staircase to the Slime Pits.
 19668 | Lair:6   | Noticed Rupert
 19675 | Lair:6   | Killed Rupert
 19950 | Lair:6   | Received a gift from Trog
 20059 | Lair:6   | Reached skill level 19 in Axes
 20100 | Lair:6   | Reached XP level 14. HP: 80/133 MP: 11/13
 21928 | D:11     | Reached skill level 1 in Evocations
 21937 | D:11     | Reached skill level 15 in Armour
 22249 | Orc:1    | Entered Level 1 of the Orcish Mines
 22401 | Orc:1    | Found a shimmering altar of Xom.
 22409 | Orc:1    | Reached skill level 15 in Fighting
 22550 | Orc:1    | Received a gift from Trog
 22677 | Orc:2    | Entered Level 2 of the Orcish Mines
 22713 | Orc:2    | Noticed an orc warlord
 22714 | Orc:2    | Found Ziveawihutz's Antique Weapon Shop.
 23094 | Orc:1    | Killed an orc warlord
 23345 | Orc:2    | Reached skill level 20 in Axes
 23354 | Orc:2    | HP: 2/202 [orc warrior/halberd[an orc warlord] (15)]
 23355 | Orc:2    | Slain by an orc warrior

Vault maps used:
D:1:      minmay_arrival_up_and_down
D:2:      amethyst_overflow_temple_binary
D:3:      grunt_temple_overflow_open, nicolae_overflow_crystal_walls,
          corexii_hall_statues_x
D:4:      serial_shops, kennysheep_little_box
D:5:      nicolae_gozag_cash_rules_everything_around_me, first_bread,
          guppyfry_early_orc_mine, uniq_menkaure, uniq_eustachio, uniq_ijyb,
          uniq_grinder
D:6:      cheibrodos_iron_armory, minmay_temple_entry_large_hall, serial_shops,
          shop, amethyst_killhole, moated_statue
D:7:      lemuel_bear_cage, uniq_pikel
D:8:      basic_altar
D:9:      david_lair_generic
D:10:     orc_0_dummy, minmay_misc_feat_tiny, hangedman_little_slice_of_home,
          kennysheep_boxes, uniq_grum, uniq_erica, uniq_harold
Lair:2:   elwin_shoals_entry_rocks, lemuel_fruit_tree, uniq_fannar
Lair:3:   basic_altar, grunt_forest_small_clearings, infiniplex_staircase_pool_2
Lair:4:   spider_nest_entry_a
Lair:5:   minivault_19, grunt_megastairs_1
Lair:6:   grunt_lair_end_beastmaster, minmay_slime_entry_oklob_enclosed,
          columned_hall_lemuel, uniq_rupert
Orc:1:    basic_altar
Orc:2:    kennysheep_orc_mage_school, serial_shops, nicolae_shop_behind_doors

Skill      XL: |  1  2  3  4  5  6  7  8  9 10 11 12 13 14 |
---------------+-------------------------------------------+-----
Axes           | 3 4 5 6 8 10 12 14 15 17 19 20 | 20.0
Fighting       | 4 5 6 7 9 10 12 13 14 15 | 15.1
Armour         | 4 5 6 7 9 10 12 13 14 15 | 15.2
Evocations     | 2 |  2.4
Shields        | |  3.6

Action                   |  1- 3 |  4- 6 |  7- 9 | 10-12 | 13-15 || total
-------------------------+-------+-------+-------+-------+-------++-------
Melee: War axe           |    79 |   109 |   226 |   780 |    16 ||  1210
       Headbutt          |    11 |    16 |    41 |   201 |   123 ||   392
       Battleaxe         |       |       |       |       |   375 ||   375
Invok: Berserk           |       |       |     4 |    13 |    11 ||    28
       Burn Spellbooks   |       |       |       |     1 |       ||     1
       Brothers in Arms  |       |       |       |       |     3 ||     3
Evoke: Wand              |       |       |     4 |     6 |       ||    10
  Use: Potion            |       |     3 |     6 |     1 |       ||    10
       Scroll            |       |       |    11 |     9 |     7 ||    27
 Stab: Confused          |       |       |     3 |       |       ||     3
  Eat: Chunk             |     2 |     5 |    12 |    22 |    13 ||    54
       Royal jelly       |       |       |       |     3 |       ||     3
       Bread ration      |       |       |       |     5 |     4 ||     9
Armor: Scale mail        |    36 |    25 |    53 |       |       ||   114
       Skin              |       |     3 |       |       |       ||     3
       Plate armour      |       |       |    71 |   397 |   330 ||   798
Dodge: Dodged            |    27 |    29 |    49 |   117 |   191 ||   413
Block: Shield            |    39 |    59 |   118 |   340 |    14 ||   570

Table legend:
 A = Spawn XP
 B = Non-spawn XP
 C = Spawn XP percentage of total XP
 D = Spawn monster count
 E = Non-spawn monster count
 F = Spawn count percentage of total count
 G = Total turns spent on level
                    A         B        C        D         E        F      G
               +---------+---------+-------+---------+---------+-------+---------
         Total |       0 |   85723 |   0.0 |       0 |     519 |   0.0 | 23355
               +---------+---------+-------+---------+---------+-------+---------
           D:1 |       0 |      26 |   0.0 |       0 |      15 |   0.0 |   932
           D:2 |       0 |      80 |   0.0 |       0 |      22 |   0.0 |  1183
           D:3 |       0 |      33 |   0.0 |       0 |      10 |   0.0 |   494
           D:4 |       0 |     634 |   0.0 |       0 |      24 |   0.0 |   873
           D:5 |       0 |    1412 |   0.0 |       0 |      33 |   0.0 |  2030
           D:6 |       0 |     829 |   0.0 |       0 |      20 |   0.0 |   696
           D:7 |       0 |    4055 |   0.0 |       0 |      30 |   0.0 |  1278
           D:8 |       0 |    2249 |   0.0 |       0 |      29 |   0.0 |   971
           D:9 |       0 |    3017 |   0.0 |       0 |      27 |   0.0 |   806
          D:10 |       0 |    4990 |   0.0 |       0 |      59 |   0.0 |  2265
          D:11 |       0 |    3975 |   0.0 |       0 |      27 |   0.0 |   646
        Lair:1 |       0 |    6274 |   0.0 |       0 |      29 |   0.0 |  1427
        Lair:2 |       0 |    4672 |   0.0 |       0 |      15 |   0.0 |  2244
        Lair:3 |       0 |    4001 |   0.0 |       0 |      21 |   0.0 |  1172
        Lair:4 |       0 |    7991 |   0.0 |       0 |      34 |   0.0 |  1597
        Lair:5 |       0 |    7609 |   0.0 |       0 |      24 |   0.0 |  1039
        Lair:6 |       0 |   26021 |   0.0 |       0 |      55 |   0.0 |  2596
         Orc:1 |       0 |    3395 |   0.0 |       0 |      18 |   0.0 |  1043
         Orc:2 |       0 |    4460 |   0.0 |       0 |      27 |   0.0 |    63
               +---------+---------+-------+---------+---------+-------+---------
